 Dungeon Crawl Stone Soup version 0.20-a0-983-g35de22d (webtiles) character file.

620 Murumi the Covert (level 7, 0/64 HPs)
             Began as a Naga Enchanter on Apr 10, 2017.
             Slain by valenzione's ghost (3 damage)
             ... on level 5 of the Dungeon.
             The game lasted 00:17:27 (4429 turns).

Murumi the Covert (Naga Enchanter)                  Turns: 4429, Time: 00:17:28

Health: 0/64       AC: 12    Str: 10    XL:     7   Next: 46%
Magic:  10/10      EV: 13    Int: 15    God:
Gold:   248        SH:  0    Dex: 14    Spells: 9/10 levels left

rFire    . . .     SeeInvis +   a - +2 dagger (freeze)
rCold    + . .     Gourm    .   (no shield)
rNeg     . . .     Faith    .   b - +0 robe
rPois    +         Spirit   .   v - +2 hat
rElec    .         Reflect  .   m - scarf {rC+}
rCorr    .         Harm     .   (no gloves)
MR       .....     Clarity  +   q - +3 naga barding
Stlth    ++++......             l - amulet of magic regeneration
Regen    0.2/turn               n - +3 ring of evasion
MPRegen  0.2/turn               f - +2 ring of evasion

@: short of breath, very slow
A: see invisible, clarity, deformed body, poison resistance, slowness 2, slow
metabolism 1, spit poison 2, AC +2
a: Breathe Poison Gas


You were on level 5 of the Dungeon.
You were hungry.

You visited 1 branch of the dungeon, and saw 5 of its levels.

You collected 248 gold pieces.

Inventory:

Hand Weapons
 a - a +2 dagger of freezing (weapon)
Armour
 b - a +0 robe (worn)
 e - a +0 cloak
 m - a scarf of cold resistance (worn)
 q - a +3 naga barding (worn)
 v - a +2 hat (worn)
Jewellery
 f - a +2 ring of evasion (right hand)
 l - an amulet of magic regeneration (around neck)
 n - a +3 ring of evasion (left hand)
Wands
 s - a wand of random effects (38/48)
Scrolls
 p - 2 scrolls of remove curse
 r - 3 scrolls of teleportation
 t - a scroll of identify
Potions
 h - 2 potions of invisibility
 u - a potion of magic
Books
 c - a book of Maledictions

   Spells                             Type                      Level
   a - Corona                         Hexes                        1
   b - Ensorcelled Hibernation        Hexes/Ice                    2
   c - Confuse                        Hexes                        3
   d - Tukima's Dance                 Hexes                        3
   e - Dazzling Spray                 Conjuration/Hexes            3
 o - a book of Misfortune

   Spells                             Type                      Level
   a - Confusing Touch                Hexes                        1
   b - Confuse                        Hexes                        3
   c - Gell's Gravitas                Translocation                3
   d - Petrify                        Transmutation/Earth          4
   e - Metabolic Englaciation         Hexes/Ice                    5
   f - Yara's Violent Unravelling     Hexes/Transmutation          5
Comestibles
 d - 4 bread rations
 g - 4 meat rations
 j - 12 fruits


   Skills:
 - Level 4.1 Fighting
 - Level 2.0 Short Blades
 - Level 2.1 Dodging
 + Level 10.2 Stealth
 - Level 2.0 Spellcasting
 - Level 3.0 Hexes


You had 9 spell levels left.
You knew the following spells:

 Your Spells              Type           Power        Failure   Level  Hunger
a - Corona                Hex            ##.....      8%          1    #......


Dungeon Overview and Level Annotations

Branches:
Dungeon (5/15)
 Temple: D:4-7

Altars:

Shops:
D:4 :

Annotations:
D:5 valenzione's ghost, novice MiFi


Innate Abilities, Weirdness & Mutations

You cannot wear boots.
Your serpentine skin is tough. (AC +2)
You have supernaturally acute eyesight. (SInv)
Armour fits poorly on your strangely shaped body.
Your system is resistant to poisons. (rPois)
You cover ground very slowly.
You have a slow metabolism.
You can exhale a cloud of poison.
You possess an exceptional clarity of mind.


Message History

You exhale a blast of poison gas.
The poison gas hits valenzione's ghost.
Valenzione's ghost completely resists.
Valenzione's ghost is lightly damaged.
The poison gas hits the orc.
The orc is poisoned.
You kill the orc!
You are feeling hungry.
Valenzione's ghost closely misses you.
Valenzione's ghost hits you but does no damage.
Valenzione's ghost hits you! Valenzione's ghost hits you.
Valenzione's ghost says, "You cannot hurt me!"
Valenzione's ghost hits you!
* * * LOW HITPOINT WARNING * * *
Valenzione's ghost hits you!
* * * LOW HITPOINT WARNING * * *
You feel better. Valenzione's ghost hits you.
* * * LOW HITPOINT WARNING * * *
Okay, then.
Valenzione's ghost hits you.
You die...

#########.......#...............
#.......######......##..
#.......# #..........
#.......#########.#.##..
#######.#.....)...#.##..
#.#.#######.#.##.. #.#.#
#.#.##.. #.#.# #....... #@#.#
#.#.##.# #W#.# #.#.##.#
#.#.#######.#.##.#
#................#
#.#............†.#
#.######.......... #.#
######..... #.# ####.# ### ###


You could see valenzione's ghost.

Vanquished Creatures
  The ghost of Murumi the Covert, an amateur NaEn (D:4)
  A sky beast (D:5)
  A centaur (D:5)
  A howler monkey (D:5)
  A bullfrog zombie (D:5)
  A jelly (D:5)
  Jessica (D:2)
  A worker ant (D:4)
  6 adders
  3 oozes
  A worm (D:3)
  3 dart slugs (D:1)
  5 leopard geckos
  3 orcs
  A ball python (D:1)
  10 bats
  2 giant cockroaches (D:1)
  7 goblins
  9 hobgoblins
  6 quokkas
  8 frilled lizards
  8 kobolds
  6 rats
86 creatures vanquished.

Notes
Turn   | Place    | Note
-------+----------+-------------------------------------------
     0 | D:1      | Murumi the Naga Enchanter began the quest for the Orb.
     0 | D:1      | Reached XP level 1. HP: 15/15 MP: 3/3
    66 | D:1      | Reached skill level 5 in Stealth
    96 | D:1      | Reached XP level 2. HP: 20/22 MP: 5/5
   475 | D:1      | Reached skill level 6 in Stealth
   589 | D:1      | Reached XP level 3. HP: 30/30 MP: 6/6
   592 | D:1      | Reached skill level 1 in Fighting
  1527 | D:2      | Reached XP level 4. HP: 28/38 MP: 7/7
  1959 | D:2      | Noticed Jessica
  1966 | D:2      | Killed Jessica
  1966 | D:2      | Reached skill level 7 in Stealth
  2424 | D:2      | Reached XP level 5. HP: 34/44 MP: 8/8
  2657 | D:3      | Found a faded altar of an unknown god.
  2795 | D:3      | Reached skill level 8 in Stealth
  3085 | D:4      | Noticed Murumi's ghost (amateur NaEn)
  3161 | D:4      | Killed Murumi's ghost
  3161 | D:4      | Reached skill level 9 in Stealth
  3161 | D:4      | Reached XP level 6. HP: 21/51 MP: 3/9
  3362 | D:4      | Reached skill level 10 in Stealth
  3384 | D:4      | Found Etohakuq's Book Shoppe.
  3574 | D:4      | Gained mutation: You can exhale a cloud of poison. [potion of mutation]
  3574 | D:4      | Gained mutation: You possess an exceptional clarity of mind. [potion of mutation]
  4030 | D:5      | Entered Level 5 of the Dungeon
  4200 | D:5      | Reached XP level 7. HP: 58/61 MP: 10/10
  4390 | D:5      | Noticed valenzione's ghost (novice MiFi)
  4426 | D:5      | HP: 3/64 [valenzione's ghost (12)]
  4429 | D:5      | Slain by valenzione's ghost

Vault maps used:
D:1:      dpeg_arrival_radiant
D:2:      uniq_jessica
D:3:      chequers_ecumenical_altar_simple_redux, kennysheep_generic_room_9
D:4:      first_bread, serial_shops, nicolae_shop_crystal, hex_large,
          nrook_mini_backslash

Skill      XL: |  1  2  3  4  5  6  7 |
---------------+----------------------+-----
Stealth        | 5 6 7 9 10 | 10.2
Fighting       | 1 2 4 |  4.1
Dodging        | 2 |  2.1
Short Blades   | 2 |  2.0
Spellcasting   | |  2.0
Hexes          | |  3.0

Action                   |  1- 3 |  4- 6 |  7- 9 || total
-------------------------+-------+-------+-------++-------
Melee: Dagger            |    98 |   199 |    28 ||   325
 Cast: Corona            |     2 |    15 |     1 ||    18
 Abil: Spit Poison       |    12 |    11 |       ||    23
       Breathe Poison Ga |       |     2 |     2 ||     4
  Use: Scroll            |     6 |     6 |     2 ||    14
       Potion            |       |     5 |     1 ||     6
 Stab: Sleeping          |     7 |    13 |     2 ||    22
       Distracted        |       |     1 |       ||     1
  Eat: Chunk             |     2 |     8 |     1 ||    11
Armor: Robe              |    24 |    72 |    10 ||   106
Dodge: Dodged            |    54 |    90 |    14 ||   158
